 Dungeon Crawl Stone Soup version 0.30-a0-159-g068b764562 (webtiles) character file.

Game seed: 16833989742806363896

56137 PyroL the Spry (level 14, -9/62 (68) HPs)
             Began as a Felid Summoner on Sept 26, 2022.
             Was an Initiate of Gozag.
             Mangled by an alligator (14 damage)
             ... on level 2 of the Swamp on Sept 27, 2022.
             The game lasted 02:26:56 (39419 turns).

PyroL the Spry (Felid Summoner)                    Turns: 39419, Time: 02:26:57

HP:   -9/62 (68)    AC:  3    Str:  4    XL:     14   Next: 40%
MP:   0/38          EV: 27    Int: 29    God:    Gozag
Gold: 4351          SH:  0    Dex: 16    Spells: 1/33 levels left
                                        Lives: 0   Deaths: 4

rFire   + + .      SeeInvis +    (weapon unavailable)
rCold   + + .      Faith    .    (shield unavailable)
rNeg    . . .      Spirit   +    (body armour unavailable)
rPois   +          Reflect  .    (helmet unavailable)
rElec   +          Harm     .    (cloak unavailable)
rCorr   +          Rampage  .    (gloves unavailable)
Will    ++...                    (boots unavailable)
Stlth   ++........               I - amulet of guardian spirit
HPRegen 0.20/turn                n - ring of Ohic {Fly rF+ Int+4}
MPRegen 0.26/turn                p - ring of magical power

@: mighty, resistant, forested, on berserk cooldown, flying, slowed, drained,
slow
A: very small, claws 1, fangs 3, see invisible, speed 1, shaggy fur 3, stealthy
paws, no weapons or thrown items, no armour, multi-lived
a: Renounce Religion, Potion Petition, Call Merchant, Bribe Branch


You were on level 2 of the Swamp.
You worshipped Gozag.
Gozag was most pleased with you.
You visited 5 branches of the dungeon, and saw 26 of its levels.
You visited the Abyss 1 time.
You also visited: Sewer.

You collected 7293 gold pieces.
You spent 811 gold pieces at shops.
You paid 2131 gold pieces to Gozag.

Inventory:

Jewellery
 n - the ring of Ohic (left paw) {Fly rF+ Int+4}
   (You found it on level 3 of the Dungeon)

   [ring of flight]

   Int:       It affects your intelligence (+4).
   rF:        It protects you from fire.
   Fly:       It grants you flight.
 p - a ring of magical power (right paw)
 t - a +6 ring of dexterity
 y - a ring of wizardry
 z - a ring of flight
 I - an amulet of guardian spirit (around neck)
 J - a ring of willpower
 M - a ring of ice
 O - the ring "Eralias" {rC+ Dex+2 Slay+4}
   (You found it on level 2 of the Lair of Beasts)

   [ring of slaying]

   Dex:       It affects your dexterity (+2).
   Slay:      It affects your accuracy & damage with ranged weapons and melee
   (+4).
   rC:        It protects you from cold.
 Q - a ring of poison resistance
 T - a +6 ring of intelligence
 U - a ring of protection from fire
 V - a +4 ring of slaying
 W - a ring of protection from cold
Wands
 l - a wand of charming (17)
 w - a wand of polymorph (14)
 B - a wand of iceblast (12)
 R - a wand of light (10)
 X - a wand of flame (19)
Scrolls
 e - 2 scrolls of brand weapon {unknown}
 h - a scroll of acquirement
 i - 4 scrolls of poison
 j - 6 scrolls of teleportation
 k - 3 scrolls of magic mapping
 r - 3 scrolls of immolation
 u - 2 scrolls of silence
 C - 4 scrolls of fear
 D - 2 scrolls of amnesia
 F - 2 scrolls of blinking
 L - 4 scrolls of butterflies
 P - 2 scrolls of summoning
Potions
 a - 3 potions of magic
 b - 4 potions of cancellation
 c - 6 potions of heal wounds
 d - 12 potions of curing
 f - 4 potions of haste {unknown}
 g - 8 potions of might
 m - 6 potions of mutation
 o - 3 potions of resistance {unknown}
 q - 2 potions of invisibility
 s - 2 potions of berserk rage {unknown}
 v - 4 potions of flight {unknown}
 x - 6 potions of attraction
 A - a potion of experience {unknown}
 E - 2 potions of ambrosia
 G - 6 potions of brilliance
 S - 2 potions of lignification {unknown}
Miscellaneous
 H - a phial of floods
 K - a lightning rod (4/4)
 N - a box of beasts


   Skills:
 + Level 11.7 Fighting
 + Level 15.1 Dodging
 - Level 2.6 Stealth
 - Level 10.0 Spellcasting
 - Level 10.0 Hexes
 - Level 10.0 Summonings
 - Level 10.0 Translocations
 * Level 13.1 Transmutations
 * Level 12.0 Air Magic


You had one spell level left.
You knew the following spells:

 Your Spells              Type           Power      Damage    Failure   Level
a - Summon Small Mammal   Summ           100%       N/A       1%          1
b - Call Imp              Summ           64%        N/A       1%          2
c - Call Canine Familiar  Summ           64%        N/A       1%          3
d - Summon Guardian Gole  Hex/Summ       64%        N/A       1%          3
e - Summon Lightning Spi  Summ/Air       68%        N/A       1%          4
f - Summon Mana Viper     Hex/Summ       64%        N/A       1%          5
g - Summon Forest         Summ/Tloc      32%        N/A       1%          5
h - Wereblood             Tmut           74%        N/A       1%          2
i - Storm Form            Tmut/Air       36%        N/A       19%         7

Your spell library contained the following spells:

 Spells                   Type           Power      Damage    Failure   Level
 Beastly Appendage        Tmut           100%       N/A       1%          1
 Magic Dart               Conj           56%        1d5       3%          1
 Blink                    Tloc           100%       N/A       1%          2
 Gell's Gravitas          Tloc           64%        N/A       1%          3
 Spider Form              Tmut/Pois      51%        N/A       1%          3
 Teleport Other           Tloc           64%        N/A       1%          3
 Manifold Assault         Tloc           64%        N/A       1%          4
 Blade Hands              Tmut           37%        N/A       1%          5
 Petrify                  Tmut/Erth      51%        N/A       2%          4
 Anguish                  Hex/Necr       21%        N/A       4%          4
 Fulminant Prism          Conj/Hex       21%        3d13      4%          4
 Leda's Liquefaction      Hex/Erth       21%        N/A       4%          4
 Searing Ray              Conj           28%        2d5       5%          2
 Sublimation of Blood     Necr           14%        N/A       5%          2
 Irradiate                Conj/Tmut      25%        3d20      7%          5
 Arcjolt                  Conj/Air       24%        1d34      9%          5
 Dispersal                Tloc           32%        N/A       10%         6
 Summon Cactus Giant      Summ           32%        N/A       10%         6
 Dragon Form              Tmut           37%        N/A       14%         7
 Statue Form              Tmut/Erth      34%        N/A       36%         6
 Enfeeble                 Hex            32%        N/A       45%         7
 Malign Gateway           Summ/Tloc      32%        N/A       45%         7
 Iskenderun's Battlesphe  Conj           14%        2d7       71%         5
 Lee's Rapid Deconstruct  Erth           7%         3d7*      71%         5
 Iron Shot                Conj/Erth      7%         9d2       99%         6
 Haunt                    Necr/Summ      21%        N/A       99%         7
 Spellforged Servitor     Conj/Summ      21%        N/A       99%         7
 Summon Horrible Things   Summ           32%        N/A       99%         8
 Orb of Destruction       Conj           7%         9d6       100%        7
 Infestation              Necr           7%         N/A       100%        8
 Animate Dead             Necr           Unusable   N/A       N/A         4

Dungeon Overview and Level Annotations

Branches:
Dungeon (15/15)            Temple (1/1) D:6            Lair (5/5) D:11
  Swamp (3/4) Lair:2       Spider (0/4) Lair:3        Slime (0/5) Lair:5
    Orc (2/2) D:12            Elf (0/3) Orc:2        Vaults (0/5) D:13
 Depths (0/4) D:15          Sewer (visited)

Altars:
Ashenzari
Cheibriados
Dithmenos
Elyvilon
Fedhas
Gozag
Hepliaklqana
Kikubaaqudgha
Makhleb
Nemelex Xobeh
Okawaru
Qazlal
Ru
Sif Muna
Trog
Uskayaw
Vehumet
Wu Jian
Xom
Yredelemnul
Zin
The Shining One

Shops:
D:3 :   D:6 [   D:8 (   Orc:2 *([(

Portals:
Trove: D:10 (give 6 scrolls of butterflies)

Annotations:
Swamp:2 exclusion: door
Swamp:3 Bai Suzhen, Donald


Innate Abilities, Weirdness & Mutations

You have sharp claws.
You have razor-sharp teeth.
You have supernaturally acute eyesight. (SInv)
You cover ground quickly. (Speed+)
Your thick and shaggy fur keeps you warm. (AC +3, rC+)
Your paws help you pounce on unaware monsters.
You are incapable of wielding weapons or throwing items.
You cannot wear armour.
You gain extra lives every three experience levels.


Message History

A red film seems to cover your vision as you go berserk!
You feel yourself moving faster!
You feel mighty!
You feel protected.
You feel very mighty all of a sudden. The alligator bites you!
* * * LOW HITPOINT WARNING * * *
The alligator closely misses you.
You feel a strong urge to attack something.
The alligator completely misses you. x2
You are too berserk!
You feel your anger nearly subside.
You are no longer berserk.
You are exhausted.
You feel yourself slow down.
You feel much better. The alligator misses you.
The alligator closely misses you.
Casting: Summon Lightning Spire (safe; 1% risk of failure)
Confirm with . or Enter, or press ? or * to list all spells.
Okay, then.
The alligator completely misses you. The alligator misses you.
The alligator bites you!!
* * * LOW HITPOINT WARNING * * *
The alligator completely misses you.
Casting: Summon Lightning Spire (safe; 1% risk of failure)
Confirm with . or Enter, or press ? or * to list all spells.
Okay, then.
You feel much better. The alligator completely misses you.
The alligator closely misses you. The alligator completely misses you.
The alligator barely misses you. Magic courses through your body.
The alligator misses you. The alligator completely misses you.
The alligator bites you!!
* * * LOW HITPOINT WARNING * * *
The alligator completely misses you.
Casting: Summon Lightning Spire (safe; 1% risk of failure)
Confirm with . or Enter, or press ? or * to list all spells.
Okay, then.
The alligator attacks as you move away! The alligator bites you!
* * * LOW HITPOINT WARNING * * *
The alligator misses you. The alligator bites you!
You die...
Your body crumbles into a pile of gold.

♣<..♣ ♣♣~♣...~~~~.~~~.~~~.[~~♣≈≈≈
♣♣..♣♣♣.~.~~~~♣~~...~.~~~♣.~♣≈≈≈≈
♣..♣♣~~~~~~~~~~~~♣...~.~♣~≈≈≈≈≈≈
♣♣....~~~.~~~♣.~..♣♣♣~~.♣♣..≈≈≈≈≈
♣..~~~~~§~~~~..~~.♣ ♣.~~♣♣♣~.♣≈≈≈
~~♣~..~~~~~..~~~~.♣ ♣~.~♣ ♣~~♣≈≈♣
~~~.♣.~~..♣♣.♣~~~.♣ ♣~~♣♣ ♣.~~♣♣h
~~.♣♣♣~..♣♣♣..~~♣.♣ ♣~.♣ ♣~~~♣♣~
♣..♣ ♣♣..♣ ♣.♣.♣@~♣ ♣.§♣ ♣♣..♣♣.
♣♣.♣ ♣~~♣ ♣.♣§♣t~♣ ♣.♣♣ ♣.♣~~~~
♣.♣ ♣♣~♣♣♣.♣§~§.♣♣♣.♣♣ ♣♣.♣~~~
♣.♣ ♣.~♣♣.♣~...♣♣...♣ ♣.♣~~~ ♣.♣
♣.~~♣.♣~~~.♣♣♣.♣♣ ♣.♣♣.~ ♣.♣
♣♣~♣♣..~♣§.♣♣.♣♣ ♣.♣♣.♣ ♣.♣
♣.♣♣.♣.♣..♣♣.♣ ♣♣♣♣.. ♣.♣
♣♣♣♣~~~♣.♣♣♣~♣ ♣.~ ♣.♣
♣..♣~~♣~♣♣.~♣ ♣~~


You could see an alligator (swift).

Vanquished Creatures
  A ball python (D:4)
  A hobgoblin (D:4)
  2 bats
  A frilled lizard (D:2)
  A rat (D:6)
6 creatures vanquished.

Vanquished Creatures (collateral kills)
  Rupert (Lair:5)
  Agnes (D:15)
  A fenstrider witch (Swamp:2)
  The ghost of IdlyInterested the Basher, a journeyman DsFi of Trog (Orc:2)
  Azrael (Orc:2)
  2 bunyips
  An eleionoma (Swamp:1)
  The ghost of Poxta the Cleaver, a journeyman MiBe of Trog (Orc:1)
  A shambling mangrove (Swamp:1)
  Erolcha (Orc:2)
  7 vault guards (D:13)
  3 hydras
  An ogre mage (D:15)
  A boulder beetle (Lair:1)
  3 centaur warriors
  A merfolk avatar (Lair:5)
  2 catoblepae
  5 two-headed ogres
  4 death yaks (Lair:4)
  6 orc high priests (Orc:2)
  3 alligators
  2 thrashing horrors (Abyss:2)
  A hell knight (Abyss:3)
  A glowing orange brain (Abyss:3)
  A bog body (Swamp:2)
  A wizard (D:15)
  A necromancer (D:15)
  2 swamp dragons
  A deep elf pyromancer (D:13)
  7 orc knights
  A wolf spider zombie (D:15)
  3 orc sorcerers
  3 will-o-the-wisps (Swamp:2)
  6 ugly things
  A deep elf zephyrmancer (D:15)
  5 cyclopes
  3 manticores
  An elephant (Lair:5)
  A naga mage (D:15)
  2 apocalypse crabs (Abyss:2)
  2 black mambas
  Joseph (Lair:1)
  A smoke demon (Abyss:3)
  10 cane toads
  6 komodo dragons
  A molten gargoyle (D:13)
  2 rime drakes (Lair:5)
  3 kobold demonologists (D:11)
  A freezing wraith (D:14)
  An ancient zyme (Abyss:2)
  2 unseen horrors
  A meliai (Lair:3)
  A meliai (shapeshifter) (D:15)
  A wind drake (Lair:5)
  4 tyrant leeches
  7 trolls
  8 hornets
  14 blink frogs
  2 raiju (Abyss:2)
  A snapping turtle (Lair:5)
  6 dream sheep (Lair:5)
  2 small abominations (Abyss:2)
  Sigmund (D:6)
  3 spectral orcs (Orc:2)
  A centaur simulacrum (D:15)
  6 spriggans
  2 vampires
  A wraith (D:12)
  A ynoxinul (Abyss:2)
  29 yaks
  5 wyverns
  7 basilisks
  3 chaos spawn
  12 vampire mosquitoes
  2 fire elementals
  Menkaure (D:7)
  2 steam dragons
  14 swamp worms
  Edmund (D:6)
  A warg (Orc:1)
  19 water moccasins
  4 hell hounds (Orc:2)
  A swamp drake (D:12)
  43 orc warriors
  2 ice beasts (D:7)
  A sky beast (shapeshifter) (D:13)
  3 black bears (D:11)
  9 centaurs
  6 ogres
  10 wolves
  A phantom (D:7)
  3 kobold brigands
  5 bullfrogs
  A gnoll sergeant (D:12)
  4 scorpions
  2 necrophages (D:6)
  A hornet simulacrum (D:14)
  38 killer bees
  A nameless horror (Lair:3)
  2 howler monkeys
  3 lava snakes (D:13)
  A quasit (Abyss:2)
  30 orc priests
  3 hounds
  A gnoll bouda (D:9)
  17 jellies
  4 iguanas
  24 orc wizards
  A boggart simulacrum (D:15)
  15 gnolls
  11 adders
  An ogre simulacrum (Orc:2)
  4 shadow imps
  4 white imps
  4 ufetubi
  A worm (D:2)
  3 dart slugs
  98 orcs
  2 orc simulacra (Orc:2)
  5 endoplasms
  6 giant cockroaches
  2 goblins
  5 hobgoblins
  5 jackals
  A quokka (D:4)
  6 ball pythons
  4 bats
  A frilled lizard (D:2)
  32 kobolds
  4 rats
  3 bushes (D:11)
716 creatures vanquished.

Vanquished Creatures (others)
  A bunyip (Swamp:1)
  A hydra (Lair:5)
  A vault guard (D:13)
  A two-headed ogre (D:15)
  2 boulder beetles
  A death yak (Lair:4)
  An orc high priest (Orc:2)
  A goliath frog (Swamp:1)
  A swamp dragon (Swamp:1)
  A wolf spider (D:15)
  Pikel (D:7)
  2 ugly things (D:15)
  2 orc knights (Orc:2)
  A centaur zombie (D:15)
  A manticore (D:11)
  Maggie (D:7)
  A komodo dragon (Lair:1)
  A troll (Orc:2)
  A bloated husk (Swamp:1)
  A queen bee (shapeshifter) (D:14)
  A raiju (Abyss:2)
  7 yaks
  A spriggan (Swamp:1)
  2 wyverns (Lair:5)
  A steam dragon (D:8)
  A chaos spawn (D:10)
  A warg (Orc:2)
  A swamp worm (Swamp:1)
  An acid dragon (D:9)
  Pargi (Sewer)
  2 orc warriors
  2 ogres
  A centaur (D:12)
  A kobold brigand (D:7)
  A scorpion (D:5)
  6 wights
  2 killer bees (D:8)
  2 orc wizards (D:10)
  4 gnolls (D:5)
  2 orcs
  A kobold (D:7)
  9 foxfires (Swamp:2)
  54 fungi
  77 plants
  18 snaplasher vines
222 creatures vanquished.

Grand Total: 944 creatures vanquished

Notes
Turn   | Place    | Note
-------+----------+-------------------------------------------
     0 | D:1      | PyroL the Felid Summoner began the quest for the Orb.
     0 | D:1      | Reached XP level 1. HP: 7/7 MP: 4/4
   440 | D:1      | Reached XP level 2. HP: 11/11 MP: 3/6
   863 | D:1      | Learned a level 2 spell: Call Imp
  1104 | D:2      | Reached XP level 3. HP: 14/14 MP: 1/8
  1372 | D:2      | Identified the +7 hand axe of Eniych {freeze, rC+ rN+
                  | Int+3}
  1528 | D:2      | Reached XP level 4. HP: 14/18 MP: 5/9
  1642 | D:2      | Learned a level 3 spell: Call Canine Familiar
  1646 | D:2      | Learned a level 3 spell: Summon Guardian Golem
  2217 | D:3      | Identified the ring of Ohic {Fly rF+ Int+4}
  2503 | D:3      | Reached skill level 3 in Dodging
  2510 | D:3      | Reached skill level 1 in Hexes
  2510 | D:3      | Reached skill level 5 in Summonings
  2524 | D:3      | Reached skill level 1 in Fighting
  2524 | D:3      | Reached XP level 5. HP: 21/22 MP: 3/11
  2695 | D:3      | Found Gothrax's Book Boutique.
  3449 | D:4      | Gained mutation: You are covered in thick fur. (AC +2)
                  | [Felid growth]
  3449 | D:4      | Reached XP level 6. HP: 17/25 MP: 12/12
  3701 | D:4      | Reached skill level 4 in Dodging
  4259 | D:5      | Entered Level 5 of the Dungeon
  4396 | D:5      | HP: 1/26 [iguana (6)]
  4896 | D:5      | Reached XP level 7. HP: 30/30 MP: 13/14
  4960 | D:5      | Slain by a gnoll
  4961 | D:5      | Reached XP level 6. HP: -3/27 MP: 15/22
  5054 | D:5      | Slain by an orc priest
  5055 | D:5      | Reached XP level 5. HP: 0/23 MP: 13/21
  5263 | D:5      | Noticed an ogre
  5274 | D:5      | Killed an ogre
  5275 | D:5      | Reached skill level 5 in Dodging
  5275 | D:5      | Reached XP level 6. HP: 27/27 MP: 13/13
  5713 | D:5      | Found a shadowy altar of Dithmenos.
  5813 | D:6      | Noticed Sigmund
  5813 | D:6      | Noticed a water moccasin
  5841 | D:6      | Found Tatoexakh's Armour Shop.
  5936 | D:6      | Reached XP level 7. HP: 31/31 MP: 14/14
  5961 | D:6      | Reached skill level 5 in Hexes
  6066 | D:6      | Reached skill level 6 in Dodging
  6073 | D:6      | Noticed a steam dragon
  6470 | D:6      | Found a glowing drain.
  6521 | Sewer    | Entered a sewer
  6630 | Sewer    | Reached skill level 5 in Spellcasting
  6757 | Sewer    | Noticed Pargi
  6775 | Sewer    | Killed Pargi
  7383 | D:7      | Reached XP level 8. HP: 36/36 MP: 16/16
  7460 | D:7      | Noticed Menkaure
  7803 | D:7      | Killed Menkaure
  7866 | D:7      | Reached skill level 7 in Dodging
  8127 | D:7      | Reached skill level 5 in Fighting
  8156 | D:7      | Noticed Pikel
  8196 | D:7      | Killed Pikel
  8197 | D:7      | Reached skill level 1 in Air Magic
  8197 | D:7      | Reached XP level 9. HP: 40/40 MP: 18/18
  8382 | D:7      | Found a shimmering altar of Xom.
  8384 | D:7      | Found a blossoming altar of Fedhas.
  8433 | D:7      | Noticed Maggie
  8477 | D:7      | Killed Maggie
  8935 | D:7      | Learned a level 4 spell: Summon Lightning Spire
  9402 | D:8      | Reached skill level 1 in Translocations
 10377 | D:7      | Reached skill level 8 in Dodging
 10598 | D:8      | Learned a level 5 spell: Summon Mana Viper
 10951 | D:8      | Found Asuf's Weapon Shop.
 11022 | D:8      | Found a sparkling altar of Nemelex Xobeh.
 11235 | D:8      | Found a glowing golden altar of the Shining One.
 11330 | D:8      | Found a burning altar of Makhleb.
 11531 | D:9      | Found a sacrificial altar of Ru.
 11561 | D:9      | Reached XP level 10. HP: 45/45 MP: 20/20
 12088 | D:9      | Found a basalt altar of Yredelemnul.
 12108 | D:9      | Noticed a boulder beetle
 12241 | D:9      | Killed a boulder beetle
 12837 | D:10     | Entered Level 10 of the Dungeon
 12967 | D:9      | Reached skill level 9 in Dodging
 13257 | D:10     | Noticed a white ugly thing
 13409 | D:10     | Killed a white ugly thing
 13555 | D:10     | Found an ornate altar of the Wu Jian Council.
 13582 | D:10     | Noticed a manticore
 13593 | D:10     | Killed a manticore
 13594 | D:10     | Reached skill level 5 in Translocations
 13594 | D:10     | Reached XP level 11. HP: 43/49 MP: 20/22
 13706 | D:10     | Found a shimmering blue altar of Sif Muna.
 13741 | D:10     | Found a shimmering altar of Xom.
 13743 | D:10     | Found the +7 mace of Variability {chain chaos}
 13757 | D:10     | Found an opulent altar of Gozag.
 13778 | D:10     | Became a worshipper of Gozag Ym Sagoz the Greedy
 13793 | D:10     | Found a snail-covered altar of Cheibriados.
 13944 | D:10     | Found a portal to a secret trove of treasure.
 14293 | D:11     | Noticed a two-headed ogre
 14302 | D:11     | Killed a two-headed ogre
 14653 | D:11     | Reached skill level 10 in Hexes
 14754 | D:11     | Found a staircase to the Lair.
 14958 | D:11     | Reached skill level 10 in Summonings
 15697 | D:11     | Learned a level 5 spell: Summon Forest
 15714 | Lair:1   | Entered Level 1 of the Lair of Beasts
 15714 | Lair:1   | Noticed a catoblepas
 15734 | D:11     | Killed a catoblepas
 15735 | D:11     | Reached skill level 10 in Dodging
 15924 | Lair:1   | Reached skill level 1 in Transmutations
 16067 | Lair:1   | Noticed a catoblepas
 16085 | Lair:1   | Killed a catoblepas
 16086 | Lair:1   | Reached skill level 5 in Air Magic
 16293 | Lair:1   | Noticed a boulder beetle
 16301 | Lair:1   | Killed a boulder beetle
 16302 | Lair:1   | Gained mutation: Your thick and shaggy fur keeps you warm.
                  | (AC +3, rC+) [Felid growth]
 16302 | Lair:1   | Reached XP level 12. HP: 37/55 MP: 14/25
 16882 | Lair:1   | Noticed Joseph
 16899 | Lair:1   | Killed Joseph
 17660 | Lair:2   | Reached skill level 11 in Dodging
 17807 | Lair:2   | Identified the ring "Eralias" {rC+ Dex+2 Slay+4}
 17907 | Lair:2   | Identified a scroll of acquirement
 18050 | Lair:2   | Noticed an eight-headed hydra
 18052 | Lair:2   | Noticed a four-headed hydra
 18060 | Lair:2   | Killed an eight-headed hydra
 18062 | Lair:2   | Killed a four-headed hydra
 18249 | Lair:2   | Found a staircase to the Swamp.
 19248 | Lair:3   | Found a hole to the Spider Nest.
 19315 | Lair:3   | Reached skill level 5 in Transmutations
 20769 | Lair:4   | Noticed a death yak
 20790 | Lair:4   | Noticed a death yak
 20791 | Lair:4   | Noticed a death yak
 20792 | Lair:4   | Noticed a death yak
 20792 | Lair:4   | Noticed a death yak
 20801 | Lair:4   | Killed a death yak
 20823 | Lair:4   | Killed a death yak
 20834 | Lair:4   | Killed a death yak
 20835 | Lair:4   | Reached XP level 13. HP: 60/60 MP: 5/26
 20837 | Lair:4   | Reached skill level 12 in Dodging
 21139 | Lair:5   | Entered Level 5 of the Lair of Beasts
 21340 | Lair:5   | Reached skill level 10 in Translocations
 22068 | Lair:5   | Noticed Rupert
 22096 | Lair:5   | Killed Rupert
 22554 | Lair:5   | Found a staircase to the Slime Pits.
 22811 | Lair:5   | Identified the +1 chain mail "Lunuenec" {rC- Will+ Int+4
                  | Dex+4}
 22877 | Lair:5   | Reached skill level 13 in Dodging
 22907 | Lair:5   | Reached skill level 10 in Fighting
 24400 | D:12     | Identified the +2 spear "Qamy" {drain, Contam *Corrode rN++
                  | SInv}
 24445 | D:12     | Found a staircase to the Orcish Mines.
 24557 | Orc:1    | Entered Level 1 of the Orcish Mines
 24706 | Orc:1    | Reached XP level 14. HP: 64/66 MP: 28/28
 24892 | Orc:1    | Found a runed translucent gate.
 24893 | Orc:1    | Found a runed translucent gate.
 24895 | Orc:1    | Found an opulent altar of Gozag.
 24896 | Orc:1    | Found a runed translucent gate.
 24898 | Orc:1    | Noticed Poxta's ghost (journeyman MiBe)
 24948 | Orc:1    | Reached skill level 10 in Spellcasting
 24956 | Orc:1    | Killed Poxta's ghost
 25099 | Orc:2    | Entered Level 2 of the Orcish Mines
 25172 | Orc:2    | Found a staircase to the Elven Halls.
 25193 | Orc:2    | Noticed Erolcha
 25243 | Orc:2    | Killed Erolcha
 25964 | Orc:2    | Noticed Azrael
 26337 | Orc:2    | Killed Azrael
 27480 | Orc:2    | Reached skill level 14 in Dodging
 27622 | Orc:2    | Found a runed translucent gate.
 27727 | Orc:2    | Found a runed translucent gate.
 27727 | Orc:2    | Found a runed translucent gate.
 27728 | Orc:2    | Noticed IdlyInterested's ghost (journeyman DsFi)
 27893 | Orc:2    | Found Pauwk's Weapon Shop.
 27894 | Orc:2    | Found Kin Vuma's Antique Weapon Boutique.
 27894 | Orc:2    | Found Epsuafaz's Assorted Antiques.
 27894 | Orc:2    | Found Pum Hyumu's Armour Shop.
 27940 | Orc:2    | Bought a potion of heal wounds for 115 gold pieces
 28072 | Orc:2    | Killed IdlyInterested's ghost
 28645 | D:12     | Upgraded the game from 0.30-a0-149-g7f746667c4 to
                  | 0.30-a0-159-g068b764562
 28795 | D:6      | Noticed Edmund
 28803 | D:6      | Killed Edmund
 28907 | D:6      | Found a broken altar of Ashenzari.
 29031 | D:6      | Found a staircase to the Ecumenical Temple.
 29050 | Temple   | Entered the Ecumenical Temple
 29341 | D:6      | Killed Sigmund
 29630 | D:3      | Bought a book of Dangerous Friends for 480 gold pieces
 29630 | D:3      | Bought a book of Changes for 216 gold pieces
 30462 | D:13     | Reached skill level 10 in Transmutations
 30856 | D:13     | Found a gate to the Vaults.
 31116 | D:13     | Reached skill level 10 in Air Magic
 31863 | D:14     | Identified the +2 leather armour of Creativity {rElec rF+}
 32078 | D:14     | Reached XP level 15. HP: 71/71 MP: 18/30
 32452 | D:15     | Entered Level 15 of the Dungeon
 32680 | D:15     | Noticed Nessos
 33056 | Abyss:2  | Cast into level 2 of the Abyss (a wizard)
 33364 | Abyss:2  | HP: 3/71 [lorocyproca (20)]
 33365 | Abyss:2  | Slain by a lorocyproca
 33366 | Abyss:2  | Reached XP level 14. HP: -3/67 MP: 0/38
 33424 | Abyss:3  | Slain by a hell knight
 33425 | Abyss:3  | Reached XP level 13. HP: -4/63 MP: 0/37
 33425 | Abyss:3  | Found a corrupted altar of Lugonu.
 33448 | Abyss:3  | Noticed a green draconian
 33569 | D:15     | Escaped the Abyss
 33735 | D:15     | Found a staircase to the Depths.
 34088 | D:15     | Nessos changed into Nessos the cyclops
 34088 | D:15     | Noticed Nessos
 34096 | D:15     | Killed Nessos the cyclops
 34372 | D:15     | Noticed Agnes
 34381 | D:15     | Found a shadowy altar of Dithmenos.
 34387 | D:15     | Killed Agnes
 35844 | Swamp:1  | Entered Level 1 of the Swamp
 35844 | Swamp:1  | Noticed a bunyip
 35851 | Swamp:1  | Killed a bunyip
 35855 | Swamp:1  | HP: 3/63 [spore (25)]
 36153 | Swamp:1  | Noticed a bunyip
 36495 | Lair:2   | Killed a bunyip
 37218 | Swamp:1  | Reached XP level 14. HP: 67/67 MP: 19/29
 37707 | Swamp:1  | Identified the +2 leather armour of Fiuluelu {rElec Will+
                  | Int+4}
 38255 | Swamp:1  | Learned a level 2 spell: Wereblood
 38263 | Swamp:1  | Learned a level 7 spell: Storm Form
 38300 | Swamp:2  | Reached skill level 15 in Dodging
 38750 | Swamp:2  | Noticed a fenstrider witch
 38844 | Swamp:2  | Killed a fenstrider witch
 39311 | Swamp:2  | Identified the +1 leather armour of Optimism {Will+}
 39399 | Swamp:3  | Noticed Donald
 39401 | Swamp:3  | Noticed Bai Suzhen
 39407 | Swamp:2  | HP: 3/62 [alligator (4)]
 39419 | Swamp:2  | Mangled by an alligator

Illustrated notes

Levels and vault maps discovered:
D:1:      erik_arrival_triangle_huge, layout_rooms
D:2:      layout_rooms
D:3:      layout_loops_ring, serial_shops, nicolae_lakefront_shop
D:4:      mumra_celtic_spiral_tile, layout_cave_pods
D:5:      layout_cave_pools, kennysheep_mini
D:6:      layout_basic, lemuel_coloured_pillars_altar,
          minmay_temple_entry_sparse_star, serial_shops, nicolae_shop_crystal,
          portal_sewer_entry_b, uniq_sigmund, uniq_edmund
D:7:      layout_loops_ring, chequers_temple_overflow_statue_of_worship,
          uniq_menkaure, uniq_maggie, uniq_pikel
D:8:      layout_rooms, bloody_makhleb,
          mainiacjoe_overflow_concentric_impassable,
          nemelex_diamond_rough_becter, serial_shops, nicolae_shop_statue_plus
D:9:      layout_gridville, yredelemnul_altar_generic, nicolae_ru_awakened_eye
D:10:     layout_rooms, lemuel_round_altar, general_overflow_altar,
          nzn_wu_jian_contemplation, mainiacjoe_overflow_brackets,
          trove_entry_hex_spiral, minmay_guarded_unrand_variability
D:11:     layout_irregular_city, minmay_lair_entry_grove
D:12:     layout_rooms, erik_orc_1, dk_noncrumbling_4
D:13:     layout_big_octagon, erik_vaults_2
D:14:     layout_roguey, minmay_strange_pillars, special_room [special_room_orc]
D:15:     grunt_enter_depths_magical_seal, layout_gridville, special_room
          [special_room_orc], grunt_dithmenos_smoke, uniq_nessos, uniq_agnes
Temple:   compressed_dpeg_triangle_lava_temple
Lair:1:   layout_cave_shapes, st_stairs_7, grunt_megastairs_1,
          serial_bayou_shore_b, uniq_joseph
Lair:2:   layout_regular_city, palyth_hydra_swamp_entry
Lair:3:   wad_woods_minihive, layout_cave_pods,
          hellmonk_spider_entry_not_the_bees, cheibrodos_lair_reptile_den
Lair:4:   layout_small_grid
Lair:5:   gammafunk_lair_ancient_temple, layout_regular_city,
          minmay_slime_entry_jelly_boxes, nicolae_quartered_pool_impasse,
          uniq_rupert
Swamp:1:  layout_basic_swamp, evilmike_swamp_ruin_house_3,
          hangedman_swamp_diagram
Swamp:2:  layout_falls_marsh, hangedman_swamp_ruin_wall, swamp_pool1,
          nicolae_swamp_necromancy_gone_wrong
Swamp:3:  layout_basic_swamp, evilmike_swamp_ruin_house_6, uniq_donald,
          uniq_mlioglotl, uniq_bai_suzhen
Orc:1:    layout_diamond_mine, ebering_ghost_gozag
Orc:2:    st_orc_pillars, layout_diamond_mine, gauntlet_entry_generic,
          gammafunk_ghost_necromancy, uniq_azrael, uniq_erolcha

Skill      XL: |  1  2  3  4  5  6  7  8  9 10 11 12 13 14 15 |
---------------+----------------------------------------------+-----
Spellcasting   | 3 4 5 6 7 8 9 10 | 10.0
Dodging        | 3 5 4 6 7 8 9 10 11 13 15 | 15.1
Hexes          | 1 2 4 5 7 9 10 | 10.0
Summonings     | 5 6 7 8 9 10 | 10.0
Fighting       | 1 3 4 5 6 7 9 10 11 | 11.7
Air Magic      | 1 2 3 5 6 11 12 | 12.0
Translocations | 3 5 7 9 10 | 10.0
Transmutations | 2 5 12 13 11 | 13.1
Stealth        | |  2.6

Action                   |  1- 3 |  4- 6 |  7- 9 | 10-12 | 13-15 || total
-------------------------+-------+-------+-------+-------+-------++-------
Melee: Unarmed           |    18 |     7 |     3 |     2 |     7 ||    37
       Punch             |     1 |       |       |       |       ||     1
       Bite              |       |       |     1 |       |     2 ||     3
 Cast: Summon Small Mamm |    34 |     3 |       |     1 |     1 ||    39
       Call Imp          |     6 |    14 |    35 |     8 |     2 ||    65
       Call Canine Famil |       |    35 |    44 |    43 |    82 ||   204
       Summon Guardian G |       |    17 |    49 |    37 |    62 ||   165
       Summon Lightning  |       |       |       |    35 |    67 ||   102
       Summon Mana Viper |       |       |       |    52 |   184 ||   236
       Summon Forest     |       |       |       |    14 |    69 ||    83
       Wereblood         |       |       |       |       |     1 ||     1
Invok: Potion Petition   |       |       |       |       |     5 ||     5
Evoke: Wand              |       |       |       |       |     6 ||     6
  Use: Scroll            |     2 |     6 |     7 |     8 |     8 ||    31
       Potion            |       |       |     1 |     1 |     7 ||     9
 Stab: Sleeping          |     1 |     1 |     1 |       |     1 ||     4
Armor: Skin              |     5 |     7 |     7 |     8 |     8 ||    35
Dodge: Dodged            |    42 |    60 |   101 |   203 |   342 ||   748

Table legend: (Time is in decaauts)
 A = Elapsed time spent in this place.
 B = Non-inter-level travel time spent in this place.
 C = Inter-level travel time spent in this place.
 D = Time resting spent in this place.
 E = Time spent auto-exploring this place.
 F = Levels seen in this place.
 G = Mean time per level.
                   A        B        C        D        E       F      G
               +--------+--------+--------+--------+--------+-----+--------+
         Total |  35913 |  34430 |   1483 |   6462 |  21066 |  29 | 1238.4 |
       Dungeon |  20959 |  19866 |   1093 |   4561 |  11344 |  15 | 1397.3 |
        Temple |    227 |    204 |     23 |      0 |    198 |   1 |  227.0 |
          Lair |   7788 |   7534 |    254 |   1011 |   5086 |   5 | 1557.6 |
         Swamp |   2333 |   2304 |     29 |    254 |   1661 |   3 |  777.7 |
  Orcish Mines |   3773 |   3691 |     82 |    480 |   2313 |   2 | 1886.5 |
         Abyss |    472 |    472 |      0 |     47 |    264 |   2 |  236.0 |
         Sewer |    359 |    359 |      0 |    109 |    196 |   1 |  359.0 |
               +--------+--------+--------+--------+--------+-----+--------+

Top non-repeatable levels by time:
     D:7: 3193 daAuts
   Orc:2: 2357 daAuts
    D:15: 2244 daAuts
  Lair:5: 1933 daAuts
  Lair:2: 1928 daAuts
     D:9: 1784 daAuts
    D:11: 1704 daAuts
  Lair:3: 1622 daAuts
     D:5: 1589 daAuts
   Orc:1: 1416 daAuts
     D:4: 1360 daAuts
  Lair:1: 1339 daAuts
 Swamp:1: 1303 daAuts
    D:13: 1287 daAuts
    D:14: 1160 daAuts
